 Dungeon Crawl Stone Soup version 0.28.0-53-g5a82cb258f (webtiles) character file.

Game seed: 3970754573748848504

12 LynnLen the Sneak (level 2, 0/13 HPs)
             Began as a Spriggan Enchanter on July 23, 2022.
             Frozen to death by an endoplasm (4 damage)
             ... on level 2 of the Dungeon.
             The game lasted 00:01:54 (1030 turns).

LynnLen the Sneak (Spriggan Enchanter)              Turns: 1030, Time: 00:01:55

Health: 0/13       AC:  2    Str:  4    XL:     2   Next: 20%
Magic:  6/6        EV: 17    Int: 16    God:
Gold:   60         SH:  0    Dex: 15    Spells: 6/6 levels left

rFire   . . .      SeeInvis +   a - +1 dagger
rCold   . . .      Faith    .   (no shield)
rNeg    . . .      Spirit   .   b - +0 robe
rPois   .          Reflect  .   (helmet restricted)
rElec   .          Harm     .   (no cloak)
rCorr   .          Rampage  .   (gloves unavailable)
Will    .....                   (boots unavailable)
Stlth   +++.......              (no amulet)
HPRegen 0.04/turn               (no ring)
MPRegen 0.10/turn               (no ring)

@: very quick
A: very small, no large weapons, unfitting armour, see invisible, speed 3
a: no special abilities


You were on level 2 of the Dungeon.
You visited 1 branch of the dungeon, and saw 2 of its levels.

You collected 60 gold pieces.

Inventory:

Hand Weapons
 a - a +1 dagger (weapon)
Armour
 b - a +0 robe (worn)
Scrolls
 f - a scroll of identify
 g - a scroll of immolation
 i - a scroll of vulnerability {unknown}
Potions
 c - a potion of invisibility
 d - a potion of haste {unknown}
 e - 2 potions of curing {unknown}
 h - a potion of lignification {unknown}


   Skills:
 * Level 0.3 Fighting
 * Level 1.3 Short Blades
 + Level 3.1 Dodging
 + Level 4.6 Stealth
 + Level 2.8 Spellcasting
 + Level 3.8 Hexes


You had 6 spell levels left.
You didn't know any spells.
Your spell library contained the following spells:

 Spells                   Type           Power      Damage    Failure   Level
 Confusing Touch          Hex            14%        N/A       12%         3
 Tukima's Dance           Hex            14%        N/A       12%         3
 Ensorcelled Hibernation  Hex/Ice        16%        N/A       13%         2
 Dazzling Flash           Conj/Hex       16%        N/A       26%         3
 Summon Forest            Summ/Tloc      1%         N/A       99%         5
 Eringya's Noxious Bog    Tmut/Pois      1%         N/A       100%        6
 Summon Hydra             Summ           1%         N/A       100%        7


Dungeon Overview and Level Annotations

Branches:
Dungeon (2/15)

Altars:

Shops:
D:2 [


Innate Abilities, Weirdness & Mutations

You are very small and have problems with some larger weapons.
You are too small for most types of armour.
You have supernaturally acute eyesight. (SInv)
You cover ground extremely quickly. (Speed+++)


Message History

The quokka completely misses you.
You hit the quokka.
You kill the quokka!
An endoplasm comes into view.
You see here a quokka corpse.
A bat and an adder come into view.
The hobgoblin shouts!
The endoplasm quivers.
You hear a bark!
A frilled lizard comes into view.
The bat moves out of view.
A jackal comes into view.
Found 19 gold pieces.
The endoplasm jiggles.
The jackal barks!
The frilled lizard hisses angrily.
You hear an angry hiss.
The adder hisses angrily.
You hit the jackal but do no damage. The jackal barely misses you.
The frilled lizard hisses.
The jackal barely misses you.
You hit the jackal but do no damage. The jackal closely misses you.
The endoplasm hits you.
You closely miss the jackal. The jackal misses you. The endoplasm freezes you.
You are frozen.
The adder closely misses you. The jackal misses you.
You hit the jackal.
The jackal is severely wounded.
The endoplasm freezes you.
You are frozen.
The jackal closely misses you. The adder closely misses you.
You miss the jackal.
The jackal is severely wounded.
The jackal bites you. The adder closely misses you.
The endoplasm barely misses you.
As you read the scroll labelled CUSIOG UBLI, it crumbles to dust.
It is a scroll of identify.
g - a scroll of immolation The jackal completely misses you.
The adder closely misses you. The endoplasm freezes you.
You are frozen.
You die...

..............#.#### ...
..####.####.#.#.#####...
.. $#...# #.†...##.... .
#.....##.....#..#
.......#..hJ....###
..l⌠.!h.......#...#
b...$..#.########.##
#.....##.#####Jg...#
$#...# #.##lS@h#####
##.# #....####
.........### ### ###...#
#####


You could see an adder, an endoplasm, a jackal, a hobgoblin and a frilled
lizard.

Vanquished Creatures
  2 goblins (D:2)
  A hobgoblin (D:2)
  A jackal (D:1)
  2 quokkas (D:2)
  3 ball pythons (D:2)
  A bat (D:2)
  A frilled lizard (D:2)
11 creatures vanquished.

Notes
Turn   | Place    | Note
-------+----------+-------------------------------------------
     0 | D:1      | LynnLen the Spriggan Enchanter began the quest for the Orb.
     0 | D:1      | Reached XP level 1. HP: 9/9 MP: 5/5
   237 | D:2      | Found Pafus's Antique Armour Shop.
   497 | D:2      | Reached XP level 2. HP: 4/13 MP: 6/6
  1030 | D:2      | Frozen to death by an endoplasm

Illustrated notes

Levels and vault maps discovered:
D:1:      lordsloth_arrival_two_stooges, layout_rooms,
          shapermc_ecumenical_altar_mp_vishouse
D:2:      layout_rooms, serial_shops, shop_fountains, palyth_stone_intersect,
          minmay_crystal_water, nicolae_concentric_dashed_squares_wild,
          kennysheep_big_empty_room, minmay_nonomino_d4

Skill      XL: |  1  2 |
---------------+-------+-----
Dodging        | 3 |  3.1
Fighting       | |  0.3
Short Blades   | |  1.3
Stealth        | |  4.6
Spellcasting   | |  2.8
Hexes          | |  3.8

Action                   || total
-------------------------++-------
Melee: Dagger            ||    57
       Punch             ||     2
  Use: Scroll            ||     1
 Stab: Sleeping          ||     1
Armor: Robe              ||    10
Dodge: Dodged            ||    64
